[Event "*** Titled Tuesday Blitz"]
[Site "Chess.com"]
[Date "2021.03.09"]
[Round "4"]
[White "RobertoJBM"]
[Black "Kretov_Evgenij"]
[Result "1/2-1/2"]
[WhiteElo "2715"]
[BlackElo "2525"]
[TimeControl "180+1"]
[EndTime "10:45:25 PST"]
[Termination "Game drawn by 50-move rule"]

1. e4 c5 2. Nf3 Nc6 3. Bb5 a6 4. Bxc6 dxc6 5. d3 Qc7 6. Be3 e5 7. Nc3 Bd6 8. a4 a5 9. Nd2 Ne7 10. Nc4 Ng6 11. Qd2 O-O 12. h4 h5 13. g3 Bg4 14. O-O Be7 15. f3 Bh3 16. Rf2 f5 17. exf5 Bxf5 18. Ne4 b6 19. Bg5 Rab8 20. Bxe7 Qxe7 21. Qg5 Qxg5 22. Nxg5 Ne7 23. Nxe5 Rfc8 24. b3 Nd5 25. Re1 Nf6 26. Ne4 Rc7 27. Nxf6+ gxf6 28.
Nc4 Kf8 29. Nd6 Bg6 30. Rfe2 Rd8 31. Nc4 b5 32. axb5 cxb5 33. Nxa5 Ra8 34. b4 cxb4 35. Nb3 Bf7 36. Nd4 Rd8 37. Nf5 b3 38. cxb3 Bxb3 39. Rb2 Rxd3 40. Re3 Rc1+ 41. Kf2 Rc2+ 42. Re2 Rxb2 43.
Rxb2 Bd5 44. Ne3 Bc6 45. g4 hxg4 46. fxg4 Ke7 47. h5 Rd8 48. Rc2 Bd7 49. Kf3 Kd6 50. Kf4 Rg8 51. h6 Rh8 52. Rd2+ Kc6 53. Rc2+ Kd6 54.
Rc1 b4 55. Nc4+ Ke7 56. Re1+ Kf7 57. Rb1 Rxh6 58. Rxb4 Kg6 59. Ne3 Rh1 60. Rb6 Rh2 61.
Kg3 Re2 62. Kf3 Ra2 63. Rd6 Ba4 64. Kf4 Ra1 65. g5 Bb3 66. Rxf6+ Kg7 67. Rb6 Bf7 68. Nf5+ Kh7 69. Rh6+ Kg8 70. g6 Be6 71. Ne7+ Kg7 72. Rh7+ Kf6 73. Nc6 Ra4+ 74. Ke3 Kxg6 75. Re7 Bf5 76. Rc7 Kf6 77. Nd4 Ra3+ 78. Kf4 Bg6 79. Rc6+ Kf7 80. Ne6 Ra4+ 81. Kg5 Bb1 82. Nf4 Ke7 83.
Re6+ Kd7 84. Re1 Ra5+ 85. Kg4 Bh7 86. Rd1+ Ke7 87. Rh1 Bg8 88. Re1+ Kf8 89. Rc1 Kg7 90. Rc7+ Bf7 91. Rb7 Kf8 92. Rb8+ Kg7 93. Rb6 Kf8 94. Nh3 Kg7 95. Ng5 Bg6 96. Ne6+ Kh6 97. Nf4 Rg5+ 98. Kh4 Rg1 99. Ra6 Rh1+ 100. Kg3 Rg1+ 101. Kh3 Rg5 102. Kh4 Rg1 103. Rb6 Rh1+ 104. Kg3 Rg1+ 105. Kf2 Rg5 106. Kf3 Rg1 107. Rb8 Rg5 108. Rh8+ Kg7 109. Rh2 Rf5 110. Rd2 Rf6 111. Kg4 Bf5+ 112. Kg5 Rf7 113. Rd6 Bh7 114. Nh5+ Kf8 115. Nf6 Bb1 116. Rd8+ Ke7 117. Re8+ Kd6 118. Re1 Ba2 119. Re2 Ra7 120. Ne4+ Kc6 121. Nc3 Bc4 122. Rc2 Kc5 123. Ne4+ Kd4 124. Nf6 Bd3 1/2-1/2

[Event "*** Titled Tuesday Blitz"]
[Site "Chess.com"]
[Date "2021.03.09"]
[Round "5"]
[White "kidagent"]
[Black "VFernandezB"]
[Result "0-1"]
[WhiteElo "2313"]
[BlackElo "2503"]
[TimeControl "180+1"]
[EndTime "10:54:06 PST"]
[Termination "VFernandezB won by resignation"]

1. e4 c5 2. Nf3 d6 3. d4 cxd4 4. Nxd4 Nf6 5. Nc3 a6 6. Bg5 Nbd7 7. Qe2 e6 8. f4 Be7 9. O-O-O h6 10. Bxf6 Bxf6 11. g4 g5 12. f5 Ne5 13. fxe6 fxe6 14. Bg2 Ng6 15. Qd2 Be5 16. h3 Bf4 0-1

[Event "*** Titled Tuesday Blitz"]
[Site "Chess.com"]
[Date "2021.03.09"]
[Round "5"]
[White "Gerasimenyuk_Miha"]
[Black "stoleriu"]
[Result "0-1"]
[WhiteElo "2434"]
[BlackElo "2609"]
[TimeControl "180+1"]
[EndTime "10:54:09 PST"]
[Termination "stoleriu won by resignation"]

1. d4 e6 2. Nf3 Nf6 3. c3 b6 4.
Bg5 Bb7 5. e3 d6 6. Nbd2 Nbd7 7.
Bd3 h6 8. Bf4 Qe7 9. Qe2 e5 10.
dxe5 dxe5 11. Bg3 e4 12. Ba6 exf3 13. gxf3 Bxa6 14. Qxa6 Nc5 15. Qe2 g6 16. O-O-O Bg7 17. Qb5+ Qd7 18. Qc4 O-O 19. Ne4 Qe6 20. Qe2 Nfxe4 21.
fxe4 Qxa2 22. f3 Bxc3 0-1

[Event "*** Titled Tuesday Blitz"]
[Site "Chess.com"]
[Date "2021.03.09"]
[Round "5"]
[White "olksuna"]
[Black "real_karma"]
[Result "1-0"]
[WhiteElo "2660"]
[BlackElo "2363"]
[TimeControl "180+1"]
[EndTime "10:54:10 PST"]
[Termination "olksuna won by resignation"]

1. e4 b6 2. d4 Bb7 3. Bd3 e6 4. Nc3 Nf6 5. Nge2 Bb4 6. O-O d5 7. exd5 Nxd5 8. Nxd5 Qxd5 9. Nf4 Qg5 10. d5 Bxd5 11.
Nxd5 Qxd5 12. Qg4 Bf8 13. Be4 Qd7 1-0

[Event "*** Titled Tuesday Blitz"]
[Site "Chess.com"]
[Date "2021.03.09"]
[Round "5"]
[White "northridgehawk"]
[Black "jd001"]
[Result "1-0"]
[WhiteElo "2335"]
[BlackElo "2230"]
[TimeControl "180+1"]
[EndTime "10:54:10 PST"]
[Termination "northridgehawk won by resignation"]

1. e4 e6 2. Nc3 d5 3. Nf3 Nf6 4. e5 Nfd7 5. d4 c5 6. dxc5 Nc6 7. Bf4 Bxc5 8. Bd3 h6 9. h4 Nb4 10. h5 Nxd3+ 11. cxd3 Qb6 12. Qd2 Qa6 13. Rh3 Nb6 14. Rg3 Kf8 15. Kf1 Bd7 16. Kg1 Rc8 17.
Ne2 Bxf2+ 18. Kxf2 Na4 19. Nfd4 Bb5 20. Qb4+ Kg8 21.
Qxb5 1-0

[Event "*** Titled Tuesday Blitz"]
[Site "Chess.com"]
[Date "2021.03.09"]
[Round "5"]
[White "mariofs"]
[Black "gisela_roque"]
[Result "1-0"]
[WhiteElo "2193"]
[BlackElo "1749"]
[TimeControl "180+1"]
[EndTime "10:54:14 PST"]
[Termination "mariofs won by resignation"]

1. d4 e6 2. Nf3 Nf6 3. Bf4 c5 4. c3 Be7 5. e3 O-O 6. h3 Nc6 7. Bd3 d5 8. O-O Bd6 9. Ne5 Bxe5 10. dxe5 Nd7 11. Bc2 h6 12. Nd2 Ndxe5 13. e4 d4 14.
Bxe5 Nxe5 15. f4 Nc4 16. Nxc4 1-0

[Event "*** Titled Tuesday Blitz"]
[Site "Chess.com"]
[Date "2021.03.09"]
[Round "5"]
[White "Frogo47"]
[Black "mr_gustavo"]
[Result "1-0"]
[WhiteElo "2545"]
[BlackElo "2394"]
[TimeControl "180+1"]
[EndTime "10:54:24 PST"]
[Termination "Frogo47 won by resignation"]

1. e4 c5 2. Nf3 d6 3. d4 cxd4 4. Nxd4 Nf6 5. Nc3 a6 6. Bg5 e6 7. f4 h6 8. Bh4 Qb6 9. Qd2 Qxb2 10. Rb1 Qa3 11. e5 dxe5 12. fxe5 Nfd7 13. Ne4 Qxa2 14. Rd1 Qd5 15. Qe3 Qxe5 16. Be2 Nc6 17. Nxc6 bxc6 18. O-O Bc5 19. Qxc5 Qxc5+ 20. Nxc5 g5 21.
Nxd7 Bxd7 22. Bg3 f5 23. Be5 Rh7 24. Bh5+ Ke7 25. Rb1 Ra7 26. Bg6 1-0

[Event "*** Titled Tuesday Blitz"]
[Site "Chess.com"]
[Date "2021.03.09"]
[Round "5"]
[White "Milchone1"]
[Black "DonBroca"]
[Result "1-0"]
[WhiteElo "2518"]
[BlackElo "2147"]
[TimeControl "180+1"]
[EndTime "10:54:27 PST"]
[Termination "Milchone1 won by resignation"]

1. Nf3 g6 2. d4 Bg7 3. c4 d6 4. Nc3 Nf6 5. e4 O-O 6. h3 e5 7. dxe5 dxe5 8. Be3 Qe7 9. Be2 Nbd7 10. O-O b6 11. Nd5 Nxd5 12. cxd5 Bb7 13. Rc1 Rac8 14. Qa4 a6 15. Rfd1 c5 16. dxc6 Nc5 17. Bxc5 Bxc6 18.
Bxe7 Bxa4 19. Bxf8 Rxf8 20. b3 Bb5 21. Bxb5 axb5 22.
Rd6 Bh6 23. Rc2 Rb8 24. Nxe5 Bf8 25. Rdc6 Bg7 26. Rc8+ Rxc8 27. Rxc8+ Bf8 28. Nd7 Kg7 29. Nxf8 f5 30. exf5 gxf5 31. Rb8 1-0

[Event "*** Titled Tuesday Blitz"]
[Site "Chess.com"]
[Date "2021.03.09"]
[Round "5"]
[White "Aslanov_Umid"]
[Black "LEGENYA1998"]
[Result "1-0"]
[WhiteElo "2412"]
[BlackElo "2255"]
[TimeControl "180+1"]
[EndTime "10:54:28 PST"]
[Termination "Aslanov_Umid won by resignation"]

1. e4 b6 2. Nf3 Bb7 3. Nc3 c5 4. Bc4 e6 5. O-O a6 6. a4 d6 7. d4 cxd4 8. Nxd4 Nf6 9. Re1 Nc6 10.
Be3 Be7 11. Nxc6 Bxc6 12. Qd4 O-O 13. Qxb6 Qxb6 14. Bxb6 Rab8 15. a5 Nxe4 16. Nxe4 Bxe4 17. Rxe4 d5 18. Bxd5 1-0

[Event "*** Titled Tuesday Blitz"]
[Site "Chess.com"]
[Date "2021.03.09"]
[Round "5"]
[White "zajka-molotok"]
[Black "Kaslask"]
[Result "1-0"]
[WhiteElo "2509"]
[BlackElo "2336"]
[TimeControl "180+1"]
[EndTime "10:54:30 PST"]
[Termination "zajka-molotok won by resignation"]

1. b4 c6 2. Bb2 a5 3. a3 Qb6 4.
c4 d6 5. d4 Nf6 6. e3 g6 7. Nf3 Bg7 8. c5 Qc7 9. Nc3 O-O 10. Be2 b6 11. cxd6 Qxd6 12. b5 c5 13.
O-O cxd4 14. Nxd4 Bb7 15. Bf3 Qd7 16. Nc6 Rc8 17. Qxd7 Nbxd7 18. Nxe7+ 1-0

[Event "*** Titled Tuesday Blitz"]
[Site "Chess.com"]
[Date "2021.03.09"]
[Round "5"]
[White "KacperPolOK"]
[Black "Thjop"]
[Result "0-1"]
[WhiteElo "2508"]
[BlackElo "2663"]
[TimeControl "180+1"]
[EndTime "10:54:42 PST"]
[Termination "Thjop won by resignation"]

1. e4 e6 2. d4 d5 3. Nd2 c5 4. exd5 exd5 5. Ngf3 a6 6. Be2 Nf6 7. O-O Be7 8. dxc5 Bxc5 9. Nb3 Bb6 10. Nbd4 O-O 11. Bg5 h6 12. Bh4 g5 13. Bg3 Ne4 14.
c3 Nc6 15. Nxc6 bxc6 16. Nd4 Bd7 17. Kh1 f5 18. Be5 f4 19. Bg4 Re8 20. Nf3 Bxg4 0-1

[Event "*** Titled Tuesday Blitz"]
[Site "Chess.com"]
[Date "2021.03.09"]
[Round "5"]
[White "ChessQueen"]
[Black "ChessAurochs"]
[Result "1-0"]
[WhiteElo "2780"]
[BlackElo "2576"]
[TimeControl "180+1"]
[EndTime "10:54:56 PST"]
[Termination "ChessQueen won by resignation"]

1. Nf3 Nf6 2. g3 d5 3. Bg2 b5 4. O-O e6 5. a4 b4 6. d3 c5 7.
c4 Bb7 8. a5 a6 9. Nbd2 Nc6 10.
Qa4 Bd6 11. Nb3 O-O 12. Bg5 Ne7 13. Bxf6 gxf6 14. cxd5 Bxd5 15. Rac1 Rc8 16. Nfd2 Nc6 17. Nc4 Bxg2 18. Kxg2 Bc7 19. Qxc6 1-0

[Event "*** Titled Tuesday Blitz"]
[Site "Chess.com"]
[Date "2021.03.09"]
[Round "5"]
[White "IljaJoke"]
[Black "VladimirBugayev"]
[Result "1-0"]
[WhiteElo "2467"]
[BlackElo "2273"]
[TimeControl "180+1"]
[EndTime "10:54:56 PST"]
[Termination "IljaJoke won by resignation"]

1. e4 c6 2. d4 d5 3. exd5 cxd5 4. c4 Nf6 5. Nc3 e6 6. Nf3 Bb4 7. cxd5 Nxd5 8. Qc2 O-O 9. Bc4 Nc6 10. O-O Be7 11. Qe4 Nf6 12. Qh4 b6 13. Bd3 Bb7 14. Bg5 Nb4 15. Bxf6 Nxd3 16. Bxe7 Qd5 1-0

[Event "*** Titled Tuesday Blitz"]
[Site "Chess.com"]
[Date "2021.03.09"]
[Round "5"]
[White "poneis_malditos"]
[Black "lagedema"]
[Result "1-0"]
[WhiteElo "2337"]
[BlackElo "2476"]
[TimeControl "180+1"]
[EndTime "10:54:57 PST"]
[Termination "poneis_malditos won by checkmate"]

1. e4 c6 2. d4 d5 3. Nd2 dxe4 4. Nxe4 Bd7 5. c3 Nf6 6. Nxf6+ exf6 7. Bd3 Bd6 8. Ne2 O-O 9. Qc2 g6 10. Be3 Re8 11. O-O-O b5 12. Kb1 Na6 13. Ng3 Nc7 14.
Ne4 Bf8 15. h4 Nd5 16. Bc1 h5 17. Nc5 Bg7 18. f3 f5 19. Bg5 Qc7 20. Rdg1 Ne3 21. Qc1 Nc4 22. g4 fxg4 23. fxg4 Bxg4 24. Rxg4 hxg4 25.
h5 gxh5 26. Rxh5 Qg3 27. Bh7+ Kf8 28. Nd7# 1-0

[Event "*** Titled Tuesday Blitz"]
[Site "Chess.com"]
[Date "2021.03.09"]
[Round "5"]
[White "VinzentSpitzl"]
[Black "Kildepiotr"]
[Result "0-1"]
[WhiteElo "2355"]
[BlackElo "2562"]
[TimeControl "180+1"]
[EndTime "10:55:09 PST"]
[Termination "Kildepiotr won by resignation"]

1. b3 d5 2. Nf3 c5 3. e3 f6 4. d4 Nc6 5. Bb2 Bg4 6. h3 Bh5 7. Nbd2 e5 8. dxe5 fxe5 9. g4 Bg6 10. Nxe5 Nxe5 11. Bxe5 Nf6 12. Bb5+ Nd7 13. c4 a6 14.
Bxd7+ Qxd7 15. O-O h5 16. cxd5 Qxd5 17. Qf3 Qxe5 18. Nc4 Qe4 19. Qg3 hxg4 20. Nb6 Rxh3 0-1

[Event "*** Titled Tuesday Blitz"]
[Site "Chess.com"]
[Date "2021.03.09"]
[Round "5"]
[White "AlejandroPacheco29"]
[Black "Guzman70"]
[Result "0-1"]
[WhiteElo "2495"]
[BlackElo "2349"]
[TimeControl "180+1"]
[EndTime "10:55:37 PST"]
[Termination "Guzman70 won by resignation"]

1. e4 c6 2. d4 d5 3. e5 c5 4. dxc5 e6 5. a3 Bxc5 6. b4 Bb6 7. Qg4 Ne7 8. Nf3 Nbc6 9. Bb2 Nf5 10. Bd3 h5 11. Qf4 a5 12. b5 Nce7 13. Nbd2 a4 14. Rd1 Ng6 15. Qb4 Ba5 16. Qc5 b6 17. Qc6+ Bd7 18.
Qxa8 Qxa8 19. O-O Nf4 20. Bxf5 exf5 21. c4 Bxd2 22. Nxd2 dxc4 23. f3 c3 0-1

[Event "*** Titled Tuesday Blitz"]
[Site "Chess.com"]
[Date "2021.03.09"]
[Round "5"]
[White "chescomhuynya"]
[Black "BJthechessgod"]
[Result "1-0"]
[WhiteElo "2571"]
[BlackElo "2283"]
[TimeControl "180+1"]
[EndTime "10:55:43 PST"]
[Termination "chescomhuynya won by resignation"]

1. d4 Nf6 2. c4 e6 3. g3 b6 4. Bg2 Nc6 5. Nf3 Bb7 6. O-O Be7 7. Nc3 O-O 8. e4 d6 9. h3 Na5 10. Qe2 c5 11. Rd1 Qc7 12. b3 a6 13. Bb2 Nc6 14. Rac1 cxd4 15. Nxd4 Nxd4 16. Rxd4 Nd7 17. Rcd1 Rfd8 18.
R4d2 Nc5 19. Qg4 Bf6 20. Nd5 Bxb2 21. Nxc7 Bc3 22. Rxd6 Rxd6 23. Rxd6 Rc8 24. Qd1 1-0

[Event "*** Titled Tuesday Blitz"]
[Site "Chess.com"]
[Date "2021.03.09"]
[Round "5"]
[White "SaqoChess_Twitch"]
[Black "lamomiablanca"]
[Result "0-1"]
[WhiteElo "2510"]
[BlackElo "2400"]
[TimeControl "180+1"]
[EndTime "10:55:46 PST"]
[Termination "lamomiablanca won by resignation"]

1. d4 Nf6 2. e3 g6 3. Nf3 Bg7 4. Be2 O-O 5. O-O d6 6. b3 b6 7. Bb2 Bb7 8. Nbd2 Nbd7 9. c4 e6 10. Qc2 c5 11. dxc5 Nxc5 12. Rfd1 Qc7 13. b4 Nce4 14. Nxe4 Bxe4 15. Qb3 Rfd8 16. Rd2 Bb7 17. Rc1 Ne4 18. Rdd1 Rac8 19. Bxg7 Kxg7 20. Qb2+ Kg8 21. Nd2 Nxd2 22. Rxd2 d5 23. c5 bxc5 24. Rxc5 Qb6 25. Rdc2 Rxc5 26. Rxc5 Rc8 27. Rxc8+ Bxc8 28. Qc3 Bd7 29.
Qc5 Qxc5 30. bxc5 e5 31. Kf1 Kf8 32. Ke1 Ke7 33. Kd2 Kd8 34. Kc3 a5 35. f4 f6 36.
fxe5 fxe5 37. Bf3 Be6 38. a3 Kc7 0-1

[Event "*** Titled Tuesday Blitz"]
[Site "Chess.com"]
[Date "2021.03.09"]
[Round "5"]
[White "cstevens1"]
[Black "MrTattaglia"]
[Result "0-1"]
[WhiteElo "2612"]
[BlackElo "2889"]
[TimeControl "180+1"]
[EndTime "10:55:56 PST"]
[Termination "MrTattaglia won by resignation"]

1. e4 c5 2. Nf3 d6 3. d4 cxd4 4. Nxd4 e5 5. Nb3 Nf6 6. f3 d5 7. Bg5 d4 8. c3 Nc6 9. Bb5 h6 10. Bxf6 Qxf6 11. cxd4 Bb4+ 12. Nc3 O-O 13. O-O Nxd4 14.
Nd5 Qd6 15. Nxb4 Qxb4 16. Nxd4 exd4 17. Qb3 Qa5 18. Bd3 Be6 19. Qb5 Qd2 20. Rf2 Qe3 21. Kf1 a6 22. Qe5 Qxd3+ 0-1

[Event "*** Titled Tuesday Blitz"]
[Site "Chess.com"]
[Date "2021.03.09"]
[Round "5"]
[White "kuli4ik"]
[Black "Nuvas"]
[Result "1-0"]
[WhiteElo "2894"]
[BlackElo "2566"]
[TimeControl "180+1"]
[EndTime "10:55:57 PST"]
[Termination "kuli4ik won by resignation"]

1. Nf3 d5 2. g3 c5 3. Bg2 Nc6 4.
d4 Nf6 5. O-O h6 6. c4 dxc4 7.
Qa4 Bd7 8. dxc5 e6 9. Qxc4 Rc8 10. b4 b6 11. Rd1 bxc5 12. bxc5 Qa5 13. Ba3 Be7 14.
Nfd2 O-O 15. Nb3 Qc7 16. Nc3 Na5 17. Nxa5 Qxa5 18. Bb4 Qc7 19. Rac1 Bxc5 20. Ne4 Bxf2+ 21. Kxf2 Qxc4 22. Nxf6+ gxf6 23. Rxc4 1-0

[Event "*** Titled Tuesday Blitz"]
[Site "Chess.com"]
[Date "2021.03.09"]
[Round "5"]
[White "fm_magua"]
[Black "bakki78"]
[Result "1/2-1/2"]
[WhiteElo "2591"]
[BlackElo "2775"]
[TimeControl "180+1"]
[EndTime "10:55:58 PST"]
[Termination "Game drawn by agreement"]

1. e4 c5 2. Nf3 Nc6 3. d4 cxd4 4.
Nxd4 Nf6 5. Nc3 d6 6. Bc4 Bd7 7. Bb3 e6 8. O-O Be7 9. Be3 O-O 10. f4 Nxd4 11. Qxd4 Bc6 12. f5 e5 13. Qd3 Ng4 14.
Nd5 Nxe3 15. Qxe3 Bg5 16. Qg3 Kh8 17. c3 a5 18. a4 f6 19. Qg4 Bxd5 20. Bxd5 Qb6+ 21.
Kh1 Qxb2 22. Rab1 Qxc3 23. Rxb7 Rab8 24. Rxb8 Rxb8 25. Qe2 g6 26. fxg6 hxg6 27. Qg4 Qc7 28. h4 Bf4 29. Qxg6 Qg7 30. Qxg7+ Kxg7 31. g3 Be3 32. Rf3 Bd4 33. Rb3 Rxb3 34. Bxb3 Bf2 35. Kg2 Be1 36. Kf3 Kh6 37. Bd5 1/2-1/2

[Event "*** Titled Tuesday Blitz"]
[Site "Chess.com"]
[Date "2021.03.09"]
[Round "5"]
[White "Grineva_Marianna"]
[Black "freshfoodcompany"]
[Result "0-1"]
[WhiteElo "2282"]
[BlackElo "2447"]
[TimeControl "180+1"]
[EndTime "10:55:58 PST"]
[Termination "freshfoodcompany won by checkmate"]

1. e4 c6 2. d4 d5 3. e5 Bf5 4. h4 h5 5. Bd3 Bxd3 6. Qxd3 Qa5+ 7. Bd2 Qa6 8. Qb3 e6 9. Ne2 Ne7 10. Na3 Nf5 11. Rc1 Qxe2+ 12. Kxe2 Nxd4+ 13. Kd3 Nxb3 14. axb3 Nd7 15. f4 Nc5+ 16. Ke2 Ne4 17. Be1 Be7 18. Ra1 a6 19. g3 c5 20. Kf3 O-O-O 21. c3 Rh6 22. Nc2 f6 23. exf6 gxf6 24. Ne3 f5 25.
Ra5 Rg8 26. b4 cxb4 27. c4 d4 28. Nc2 d3 29. Bxb4 Rxg3# 0-1

[Event "*** Titled Tuesday Blitz"]
[Site "Chess.com"]
[Date "2021.03.09"]
[Round "5"]
[White "SerGo055"]
[Black "Gabrielian_Artur"]
[Result "0-1"]
[WhiteElo "2592"]
[BlackElo "2808"]
[TimeControl "180+1"]
[EndTime "10:55:59 PST"]
[Termination "Gabrielian_Artur won by resignation"]

1. d4 Nf6 2. Nf3 g6 3. c4 Bg7 4. Nc3 d5 5. e3 O-O 6. Qb3 e6 7. Bd2 b6 8. Be2 Bb7 9. O-O Nbd7 10. Rfd1 dxc4 11. Bxc4 Bxf3 12. gxf3 c6 13. e4 Nh5 14.
Be3 Qh4 15. Ne2 Rad8 16. Ng3 Nf4 17. Bxf4 Qxf4 18. Qe3 Qh4 19. f4 Bh6 20. Ne2 c5 21. Qg3 Qe7 22. d5 exd5 23. Bxd5 Nf6 24. Nc3 Nh5 25. Qh3 Bxf4 26. Kh1 Be5 27. Rg1 Nf4 28. Qf3 Qf6 29. Rad1 Nxd5 0-1

[Event "*** Titled Tuesday Blitz"]
[Site "Chess.com"]
[Date "2021.03.09"]
[Round "5"]
[White "jovencata"]
[Black "Snegokhod"]
[Result "0-1"]
[WhiteElo "2171"]
[BlackElo "2548"]
[TimeControl "180+1"]
[EndTime "10:56:01 PST"]
[Termination "Snegokhod won by resignation"]

1. Nf3 Nf6 2. g3 g6 3. Bg2 Bg7 4. O-O O-O 5. d4 b6 6. Nh4 c6 7.
c4 Ba6 8. b3 d5 9. cxd5 cxd5 10. Nc3 Nc6 11. Ba3 Rc8 12. Rc1 Re8 13. Nf3 e6 14.
Re1 Ne4 15. Bb2 Nb4 16. a3 Nxc3 17. Bxc3 Na2 18. Qd2 Nxc1 19. Rxc1 Qd7 20. e3 f6 21. h4 Bf8 22. h5 Rc7 23. hxg6 hxg6 24. Bb2 Rxc1+ 25.
Qxc1 Rc8 26. Qb1 Qh7 27. Nh4 g5 28. Ng6 Kg7 0-1

[Event "*** Titled Tuesday Blitz"]
[Site "Chess.com"]
[Date "2021.03.09"]
[Round "5"]
[White "Promacherr"]
[Black "Leo_C"]
[Result "1-0"]
[WhiteElo "2609"]
[BlackElo "2439"]
[TimeControl "180+1"]
[EndTime "10:56:05 PST"]
[Termination "Promacherr won by checkmate"]

1. e4 c6 2. d4 d5 3. exd5 cxd5 4. Nf3 Nc6 5. Bf4 Bg4 6. c3 Nf6 7. Nbd2 e6 8. Qb3 Qc8 9. h3 Bh5 10. g4 Bg6 11. Nh4 Be7 12. Nxg6 hxg6 13. Be2 a6 14.
h4 b5 15. h5 Na5 16. Qc2 Nc4 17. O-O-O gxh5 18. g5 Nd7 19. Bxh5 g6 20. Bxg6 Rxh1 21. Rxh1 fxg6 22. Qxg6+ Kd8 23. Qxe6 Qb7 24. Rh8+ Nf8 25. g6 b4 26. g7 bxc3 27. gxf8=Q+ Bxf8 28. Rxf8# 1-0

[Event "*** Titled Tuesday Blitz"]
[Site "Chess.com"]
[Date "2021.03.09"]
[Round "5"]
[White "ulkaf961"]
[Black "pastouche06"]
[Result "0-1"]
[WhiteElo "2402"]
[BlackElo "2552"]
[TimeControl "180+1"]
[EndTime "10:56:09 PST"]
[Termination "pastouche06 won by resignation"]

1. d4 d5 2. c4 e6 3. Nc3 a6 4. cxd5 exd5 5. Nf3 Nf6 6. Bf4 Bd6 7. Bg3 O-O 8. e3 Bf5 9. Qb3 b6 10. Ne5 c5 11. dxc5 bxc5 12. O-O-O Be6 13. Qb7 Bxe5 14. Bxe5 Nbd7 15. Bc7 Qc8 16. Bxa6 Rxa6 0-1

[Event "*** Titled Tuesday Blitz"]
[Site "Chess.com"]
[Date "2021.03.09"]
[Round "5"]
[White "kai_nov"]
[Black "Evachess2006"]
[Result "1-0"]
[WhiteElo "2423"]
[BlackElo "1589"]
[TimeControl "180+1"]
[EndTime "10:56:11 PST"]
[Termination "kai_nov won by checkmate"]

1. d4 d5 2. c4 dxc4 3. e4 Nf6 4. e5 Nd5 5. Bxc4 e6 6. Nc3 b6 7. Nf3 Bb7 8. O-O c5 9. Ng5 Be7 10. Qh5 Bxg5 11. Bxg5 Qd7 12. Rad1 Nxc3 13. bxc3 cxd4 14. Rxd4 Qc6 15. Rd8# 1-0

[Event "*** Titled Tuesday Blitz"]
[Site "Chess.com"]
[Date "2021.03.09"]
[Round "5"]
[White "LionChessClub"]
[Black "GOGIEFF"]
[Result "0-1"]
[WhiteElo "2609"]
[BlackElo "2876"]
[TimeControl "180+1"]
[EndTime "10:56:13 PST"]
[Termination "GOGIEFF won by resignation"]

1. e4 c5 2. Nc3 Nc6 3. Bb5 e6 4. Bxc6 bxc6 5. f4 d5 6. Nf3 Nf6 7. e5 Nd7 8. d3 Ba6 9. O-O Be7 10. Bd2 O-O 11. Qe1 Rb8 12. Rb1 d4 13. Ne4 c4 14. Qe2 cxd3 15. cxd3 Nc5 16. Nxc5 Bxc5 17. Rfc1 Qd5 18. b3 Be7 19. Be1 c5 20. Nd2 f6 21. exf6 Rxf6 22. Bh4 Rg6 23. Bxe7 Bxd3 24. Qf2 Bxb1 25. Rxb1 Re8 26. Bh4 Rf8 27. Re1 Rxf4 28. Qe2 Rxh4 29. Nf3 Rhg4 0-1

[Event "*** Titled Tuesday Blitz"]
[Site "Chess.com"]
[Date "2021.03.09"]
[Round "5"]
[White "Harry_Rakkel"]
[Black "ChrisTool2"]
[Result "1-0"]
[WhiteElo "2646"]
[BlackElo "2351"]
[TimeControl "180+1"]
[EndTime "10:56:15 PST"]
[Termination "Harry_Rakkel won by resignation"]

1. e4 c5 2. Nf3 e6 3. d4 cxd4 4. Nxd4 a6 5. Nc3 Qc7 6. Bd3 d6 7. O-O Nf6 8. Qe2 Nbd7 9. f4 b5 10. Kh1 Be7 11. Bd2 Bb7 12. a3 O-O 13. Rf3 Nc5 14. Rg3 d5 15. e5 Nfe4 16. Bxe4 Nxe4 17. Nxe4 dxe4 18. Qh5 Rad8 19. Qh6 g6 20. Rh3 Bh4 21.
Rxh4 f6 22. Nxe6 Qf7 23. Nxd8 Rxd8 24. e6 Qe7 25. Bb4 Qg7 26. Qxg7+ Kxg7 27. e7 Re8 28. Rh3 a5 29. Bd6 f5 30. b4 a4 31. Rc3 Kf6 32. Rc7 Bd5 33. Bc5 h6 34. Rd1 Bf7 35.
Rd6+ Kg7 36. Rd8 g5 37. fxg5 hxg5 38. Bd4+ Kg6 39. Rc6+ Kh5 40. Rxe8 Bxe8 41. Rc8 1-0

[Event "*** Titled Tuesday Blitz"]
[Site "Chess.com"]
[Date "2021.03.09"]
[Round "5"]
[White "jraosam"]
[Black "ErikRonka"]
[Result "0-1"]
[WhiteElo "1906"]
[BlackElo "2393"]
[TimeControl "180+1"]
[EndTime "10:56:24 PST"]
[Termination "ErikRonka won by resignation"]

1. d4 d5 2. Bf4 c5 3. e3 cxd4 4.
exd4 Nc6 5. Nf3 Bg4 6. Be2 e6 7. O-O Nf6 8. h3 Bxf3 9. Bxf3 Bd6 10.
Bxd6 Qxd6 11. Nd2 Nxd4 12. Re1 O-O 13. c3 Nxf3+ 14. Nxf3 b5 15. Ne5 Rfd8 16. f4 a5 17. a4 b4 18. Qd4 bxc3 19. bxc3 Rdc8 20. Rab1 Qc5 21. Rb7 Qxc3 22. Qd1 Rc7 23. Rxc7 Qxc7 24. Qd4 Ne4 25. Rb1 Rc8 26. Rb5 Qc1+ 0-1

[Event "*** Titled Tuesday Blitz"]
[Site "Chess.com"]
[Date "2021.03.09"]
[Round "5"]
[White "Nozdrachev_Vladislav"]
[Black "WPWPWP-2015"]
[Result "1-0"]
[WhiteElo "2709"]
[BlackElo "2511"]
[TimeControl "180+1"]
[EndTime "10:56:40 PST"]
[Termination "Nozdrachev_Vladislav won by checkmate"]

1. e4 e5 2. Nf3 Nc6 3. Bc4 Nf6 4. d3 Be7 5. O-O O-O 6. a4 d6 7. a5 a6 8. c3 Nb8 9. Re1 Nbd7 10. d4 h6 11. Nbd2 Re8 12. Nf1 c6 13. Bb3 Bf8 14. Ng3 exd4 15. cxd4 Qc7 16. Bf4 g6 17. Qd2 h5 18.
Ng5 Re7 19. e5 dxe5 20. dxe5 Nxe5 21. Rxe5 Rxe5 22. Nxf7 Be6 23. Bxe6 Kg7 24. Bxe5 Qe7 25. Qh6+ Kg8 26. Qh8# 1-0

[Event "*** Titled Tuesday Blitz"]
[Site "Chess.com"]
[Date "2021.03.09"]
[Round "5"]
[White "ukchessbomber"]
[Black "Cambek64"]
[Result "0-1"]
[WhiteElo "2526"]
[BlackElo "2408"]
[TimeControl "180+1"]
[EndTime "10:56:42 PST"]
[Termination "Cambek64 won by checkmate"]

1. e4 e6 2. b3 d5 3. e5 c5 4.
Bb2 Nc6 5. f4 Nge7 6. d3 Nf5 7.
Nf3 d4 8. Nbd2 Ne3 9. Qc1 Nb4 10. Rb1 Nxa2 11. Be2 Nxc1 12. Rxc1 Be7 13. g4 Nxg4 14. Ne4 Ne3 15. Rg1 g6 16. c3 Nf5 17. cxd4 cxd4 18.
Nfg5 O-O 19. h4 Bd7 20. h5 Bc6 21. hxg6 hxg6 22. Bg4 Kg7 23. Rc2 Bxg5 24. fxg5 Bxe4 25. dxe4 Ne3 26. Rd2 Nxg4 27. Rxg4 Rh8 28. Bxd4 Qa5 29. Rg2 Rh1+ 30. Ke2 Qb5+ 31. Kf2 Qf1+ 32. Kg3 Rah8 33.
Rdf2 R8h3+ 34. Kf4 Qd3 35. Bxa7 Rh4+ 36. Rg4 Rxg4+ 37.
Kxg4 Qxe4+ 38. Kg3 Qh4+ 39. Kf3 Rh3+ 40. Kg2 Qg4+ 41. Kf1 Rh1# 0-1

[Event "*** Titled Tuesday Blitz"]
[Site "Chess.com"]
[Date "2021.03.09"]
[Round "5"]
[White "Grieve72"]
[Black "onnoelgersma"]
[Result "1-0"]
[WhiteElo "2536"]
[BlackElo "2392"]
[TimeControl "180+1"]
[EndTime "10:56:42 PST"]
[Termination "Grieve72 won by resignation"]

1. d4 d5 2. Bg5 Bf5 3. c4 c6 4.
e3 dxc4 5. Bxc4 Bxb1 6. Rxb1 Qa5+ 7. Kf1 Qxg5 8. Qb3 Qf5 9. e4 Qd7 10. Bxf7+ Kd8 11. Bxg8 Qc7 12. Nf3 Qb6 13. Ng5 Rxg8 14.
Qxg8 Qb4 15. Qxf8+ 1-0